 Dungeon Crawl Stone Soup version 0.30-a0-1053-gbd8d5ba0ad (webtiles) character file.

Game seed: 8314622862722316780

35 GigaChad the Shield-Bearer (level 3, -5/30 HPs)
             Began as a Formicid Fighter on Apr 12, 2023.
             Succumbed to Terence's poison
             ... on level 2 of the Dungeon.
             The game lasted 00:01:09 (631 turns).

GigaChad the Shield-Bearer (Formicid Fighter)        Turns: 631, Time: 00:01:10

Health: -5/30      AC:  7    Str: 22    XL:     3   Next: 55%
Magic:  3/3        EV:  9    Int:  7    God:
Gold:   11         SH:  5    Dex: 13    Spells: 2/2 levels left

rFire   . . .      SeeInvis +    a - +0 war axe
rCold   . . .      Faith    .    c - +0 buckler
rNeg    . . .      Spirit   .    b - +0 scale mail
rPois   .          Reflect  .    (helmet unavailable)
rElec   .          Rampage  .    (no cloak)
rCorr   .                        (no gloves)
Will    .....                    (no boots) Stlth
                                 (no amulet)
HPRegen 0.25/turn                (no ring)
MPRegen 0.08/turn                (no ring)

@: lethally poisoned (-5 -> -26)
A: permanent stasis, dig shafts and tunnels, antennae 3, four strong arms
a: Dig, Shaft Self


You were on level 2 of the Dungeon.
You visited 1 branch of the dungeon, and saw 2 of its levels.

You collected 11 gold pieces.

Inventory:

Hand Weapons
 a - a +0 war axe (weapon)
Armour
 b - a +0 scale mail (worn)
 c - a +0 buckler (worn)
Jewellery
 h - a ring of resist corrosion
Scrolls
 g - a scroll of poison {unknown}
 i - a scroll of brand weapon {unknown}
Potions
 d - a potion of might
 e - 2 potions of lignification {unknown}
 f - a potion of flight {unknown}


   Skills:
 + Level 3.6 Fighting
 + Level 2.4 Axes
 + Level 3.7 Armour
 + Level 4.5 Shields


You had 2 spell levels left.
You didn't know any spells.
Your spell library contained the following spells:

 Spells                   Type           Power      Damage    Failure   Level
 Lesser Beckoning         Tloc           0%         N/A       91%         2
 Momentum Strike          Conj/Tloc      0%         3d8       91%         2
 Blink                    Tloc           Unusable   N/A       N/A         2

Dungeon Overview and Level Annotations

Branches:
Dungeon (2/15)

Altars:


Innate Abilities, Weirdness & Mutations

You cannot be hasted, slowed, berserked, paralysed or teleported.
You can dig through walls and to a lower floor.
You have a pair of large antennae on your head. (SInv)
Your four strong arms can wield two-handed weapons with a shield.


Message History

The jackal bites you but does no damage.
You block Terence's attack.
The jackal bites you but does no damage.
You hit Terence but do no damage. You slash the jackal!
You kill the jackal!
You feel sick.
You are no longer poisoned.
You block Terence's attack. The jackal misses you.
You barely miss Terence. You hit the jackal. Terence barely misses you.
The jackal bites you but does no damage.
Terence barely misses you. The jackal bites you.
You barely miss Terence. You closely miss the jackal.
The jackal bites you but does no damage.
Terence barely misses you. You block the jackal's attack.
You barely miss Terence. You hit the jackal. You block the jackal's attack.
Terence hits you with a +1 hand axe of venom!
You block the jackal's attack.
Terence says, "Time to say good-bye..."
Terence barely misses you.
You slash Terence!
Terence is heavily wounded.
You hit the jackal. You block the jackal's attack.
Terence hits you with a +1 hand axe of venom.
* * * LOW HITPOINT WARNING * * *
You are lethally poisoned!
The jackal barely misses you.
You barely miss Terence.
Terence is heavily wounded.
You closely miss the jackal.
* * * LOW HITPOINT WARNING * * *
You feel very sick. The jackal closely misses you.
Terence hits you with a +1 hand axe of venom.
* * * LOW HITPOINT WARNING * * *
You are more poisoned.
The jackal closely misses you.
You slash Terence!
You kill Terence!
You barely miss the jackal.
You die...

####.# #..... #.##.#
###.##.## #.....h. #
#.#.##h# .#
#.#####.#.##h##..####
#....<......)@(......
#.#####.#############
{ #.# #.# .#. # # {


You could see 3 jackals.

Vanquished Creatures
  Terence (D:2)
  A dart slug (D:1)
  6 bats (D:1)
  4 endoplasms (D:1)
  A giant cockroach (D:1)
  3 goblins (D:1)
  A hobgoblin (D:1)
  5 jackals
  2 quokkas (D:1)
  A ball python (D:1)
  A frilled lizard (D:1)
  A kobold (D:1)
  4 rats (D:1)
31 creatures vanquished.

Notes
Turn   | Place    | Note
-------+----------+-------------------------------------------
     0 | D:1      | GigaChad the Formicid Fighter began the quest for the Orb.
     0 | D:1      | Reached XP level 1. HP: 18/18 MP: 1/1
   105 | D:1      | Reached XP level 2. HP: 24/24 MP: 2/2
   264 | D:1      | Reached XP level 3. HP: 29/29 MP: 3/3
   618 | D:2      | Noticed Terence
   630 | D:2      | HP: 1/30 [Terence/+1 hand axe of venom (4)]
   631 | D:2      | Killed Terence
   631 | D:2      | Succumbed to Terence's poison

Illustrated notes

Levels and vault maps discovered:
D:1:      dpeg_arrival_subterranean_lakeside_camping, layout_basic,
          serial_bayou_pond_c
D:2:      layout_loops_ring, minmay_misc_feat_tower, minmay_misc_feat_x,
          minmay_rat_hole, uniq_terence

Action                     || total
---------------------------++-------
  Melee: War axe           ||    90
 Armour: Scale mail        ||    43
  Dodge: Dodged            ||    49
  Block: Buckler           ||    26

Table legend: (Time is in decaauts)
 A = Elapsed time spent in this place.
 B = Non-inter-level travel time spent in this place.
 C = Inter-level travel time spent in this place.
 D = Time resting spent in this place.
 E = Time spent auto-exploring this place.
 F = Levels seen in this place.
 G = Mean time per level.
                   A        B        C        D        E       F      G
               +--------+--------+--------+--------+--------+-----+--------+
         Total |    676 |    676 |      0 |      0 |    432 |   2 |  338.0 |
       Dungeon |    676 |    676 |      0 |      0 |    432 |   2 |  338.0 |
               +--------+--------+--------+--------+--------+-----+--------+

Top non-repeatable levels by time:
     D:1: 657 daAuts
     D:2: 18 daAuts
